 Dungeon Crawl Stone Soup version 0.26-a0-667-g92642533e4 (webtiles) character file.

Game seed: 758277422442332747

3156 Descartes the Frost Mage (level 9, -19/67 HPs)
             Began as a Barachi Ice Elementalist on Oct 17, 2020.
             Was an Elder of Cheibriados.
             Demolished by a death yak (21 damage)
             ... on level 8 of the Dungeon.
             The game lasted 00:25:59 (9667 turns).

Descartes the Frost Mage (Barachi Ice Elementalist) Turns: 9667, Time: 00:25:59

Health: -19/67     AC: 11    Str: 26    XL:     9   Next: 93%
Magic:  15/18      EV: 13    Int: 27    God:    Cheibriados [****..]
Gold:   396        SH:  0    Dex: 21    Spells: 15/21 levels left

rFire    . . .     SeeInvis .   Q - +6 short sword of Fear {venom, rElec}
rCold    . . .     Faith    .   (no shield)
rNeg     . . .     Spirit   .   S - +0 troll leather armour
rPois    .         Reflect  .   p - +0 helmet
rElec    +         Harm     .   x - scarf {+Inv}
rCorr    .         Rampage  .   (no gloves)
MR       .....                  K - +0 pair of boots {Stlth+}
Stlth    +++.......             (no amulet)
HPRegen  0.21/turn              M - +6 ring of strength
MPRegen  0.16/turn              R - ring of flight

@: frozen ramparts, lightly drained, very slow
A: +LOS, swims, molten scales 2, shaggy fur 1, slowness 1, strong legs 1
a: Hop, Bend Time, Temporal Distortion, Slouch, Renounce Religion, Evoke
Invisibility, Evoke Flight


You were on level 8 of the Dungeon.
You worshipped Cheibriados.
Cheibriados was greatly pleased with you.
You visited 2 branches of the dungeon, and saw 9 of its levels.

You collected 396 gold pieces.

Inventory:

Hand Weapons
 k - a +2 flail of draining
 t - a +2 quarterstaff of chaos
 v - a +0 hunting sling
 F - a +0 long sword
 O - a +3 short sword of venom
 Q - the +6 short sword of Fear (weapon) {venom, rElec}
   (You found it on level 7 of the Dungeon)

   It poisons the flesh of those it strikes.
   It insulates you from electricity.
Missiles
 g - 8 javelins (quivered)
 h - 220 stones
 l - 5 boomerangs
 n - 128 bolts
 A - 21 poisoned darts
 C - 17 sling bullets
 I - 95 arrows
Armour
 e - a +0 ring mail
 p - a +0 helmet (worn)
 x - a scarf of invisibility (worn)
 K - a +0 pair of boots of stealth (worn)
 S - a +0 troll leather armour (worn)
Jewellery
 j - an uncursed ring of see invisible {unknown}
 M - a +6 ring of strength (left hand)
 R - a ring of flight (right hand)
Wands
 w - a wand of iceblast (9)
 y - a wand of paralysis (2)
 E - a wand of digging (4)
 L - a wand of flame (11)
Scrolls
 d - 5 scrolls of teleportation
 f - 3 scrolls of blinking {unknown}
 m - 2 scrolls of immolation {unknown}
 o - 9 scrolls of remove curse
 z - a scroll of fog {unknown}
 D - 4 scrolls of amnesia
 H - a scroll of enchant armour {unknown}
 J - a scroll of brand weapon {unknown}
 P - a scroll of magic mapping
Potions
 a - 2 potions of mutation
 b - a potion of heal wounds
 c - a potion of curing
 i - a potion of ambrosia
 q - 2 potions of lignification
 r - 3 potions of resistance
 s - 3 potions of invisibility
 u - a potion of stabbing {unknown}
 B - a potion of magic
 G - a potion of might
 N - a potion of brilliance


   Skills:
 + Level 4.8(4.6) Fighting
 - Level 5.0(4.7) Armour
 - Level 2.1(1.9) Dodging
 - Level 1.7(1.5) Stealth
 + Level 6.6(6.3) Spellcasting
 + Level 4.3(4.1) Translocations
 + Level 9.2(8.9) Ice Magic
 + Level 2.2(2.0) Earth Magic
 + Level 3.7(3.5) Invocations
 - Level 5.0(4.7) Evocations


You had 15 spell levels left.
You knew the following spells:

 Your Spells              Type           Power        Failure   Level
a - Freeze                Ice            ####         1%          1
b - Frozen Ramparts       Ice            ######       1%          3
c - Apportation           Tloc           ####..       1%          1
d - Sandblast             Erth           ###...       3%          1

Your spell library contained the following spells:

 Spells                   Type           Power        Failure   Level
 Ozocubu's Armour         Ice            ######..     1%          3
 Animate Skeleton         Necr           #.....       7%          1
 Corona                   Hex            #......      7%          1
 Summon Small Mammal      Summ           #...         7%          1
 Passwall                 Tmut/Erth      ##......     7%          2
 Hailstorm                Conj/Ice       ####....     11%         4
 Summon Ice Beast         Ice/Summ       ####....     11%         4
 Stone Arrow              Conj/Erth      ##....       14%         3
 Petrify                  Tmut/Erth      ##......     41%         4
 Lee's Rapid Deconstruct  Erth           ###.......   63%         5


Dungeon Overview and Level Annotations

Branches:
Dungeon (8/15)             Temple (1/1) D:4            Lair (0/6) D:8

Altars:
Cheibriados
Dithmenos
Fedhas
Gozag
Hepliaklqana
Kikubaaqudgha
Makhleb
Okawaru
Sif Muna
Trog
Vehumet
Xom
Yredelemnul
Zin
The Shining One


Innate Abilities, Weirdness & Mutations

You can be seen from farther away. (+LOS)
You can swim through water.
You cover ground slowly.
You can hop short distances.
You are mostly covered in molten scales. (AC +3)
You are covered in fur. (AC +1)


Message History

The death yak resists with almost no effort.
The wall freezes the death yak!
The wall freezes the bullfrog!
You kill the bullfrog!
Cheibriados appreciates the change of pace.
The wall freezes the death yak.
The death yak gores you!
* * * LOW HITPOINT WARNING * * *
Evoke which item? (* to show all) (? for menu, Esc to quit)
Aiming: Paralyse
Press: ? - help, Shift-Dir - straight line, f/p - death yak
Aim: a death yak (moderately wounded, very poisoned, chance to defeat MR: 5%)
The death yak resists with almost no effort.
A worker ant comes into view.
The centaur zombie resists.
The wall freezes the centaur zombie.
The wall freezes the death yak!
The death yak gores you!
* * * LOW HITPOINT WARNING * * *
The wall freezes the death yak!
The worker ant moves out of view.
The centaur zombie resists.
The wall freezes the centaur zombie.
The wall freezes the death yak.
The wall freezes the death yak!
The death yak gores you!!
You die...

..#####.##............##.
..#.......).......
#..#..).........!.
$...#...........##.
#......(†.......##
#...###.##........## ....
...##††.......# ...
....####........#
o.#..... #@........# #
#..... #Y.......## #..Y.#
#†.......#
.........Y#.........
.....Y..#.#.#.####.
...>......#.### ........
...B ........ .. ..
........ ### ..


You could see 2 death yaks and a worker ant (wandering).

Vanquished Creatures
  A troll (D:8)
  Sigmund (D:3)
  A wyvern (D:7)
  A water moccasin (D:8)
  2 sky beasts
  2 ice beasts
  2 necrophages (D:7)
  3 centaurs
  A big kobold (D:7)
  3 bullfrogs
  A scorpion (D:4)
  A howler monkey (D:5)
  A jelly (D:5)
  2 bullfrog skeletons
  Crazy Yiuf (D:2)
  4 orc priests
  2 hounds (D:4)
  2 centaur skeletons (D:4)
  Terence (D:2)
  Jessica (D:3)
  3 iguanas
  9 orc wizards
  7 worker ants
  A hell rat (D:8)
  A killer bee zombie (D:3)
  A hound zombie (D:8)
  Robin (D:2)
  4 gnolls (D:4)
  11 adders
  2 river rats (D:8)
  3 shadow imps
  2 white imps
  4 worms
  3 dart slugs
  7 leopard geckos
  25 orcs
  6 giant cockroaches
  15 goblins
  7 hobgoblins
  14 jackals
  19 kobolds
  5 quokkas
  5 bats
  7 frilled lizards
  A quokka skeleton (D:6)
  A quokka zombie (D:5)
  10 rats
207 creatures vanquished.

Vanquished Creatures (others)
  A wyvern skeleton (D:6)
  An orc wizard (D:4)
  A jackal skeleton (D:4)
  2 fungi (D:2)
  13 plants (D:4)
18 creatures vanquished.

Grand Total: 225 creatures vanquished

Notes
Turn   | Place    | Note
-------+----------+-------------------------------------------
     0 | D:1      | Descartes the Barachi Ice Elementalist began the quest for
                  | the Orb.
     0 | D:1      | Reached XP level 1. HP: 13/13 MP: 3/3
    98 | D:1      | Reached skill level 5 in Ice Magic
   178 | D:1      | Reached XP level 2. HP: 18/19 MP: 0/5
   675 | D:1      | Reached XP level 3. HP: 21/24 MP: 2/7
  1454 | D:2      | Noticed Terence
  1470 | D:2      | Reached skill level 1 in Armour
  1606 | D:2      | Reached XP level 4. HP: 29/30 MP: 6/8
  1761 | D:2      | Noticed Robin
  1903 | D:2      | Learned a level 3 spell: Frozen Ramparts
  2067 | D:2      | Killed Robin
  2378 | D:2      | Found a glowing golden altar of the Shining One.
  2583 | D:2      | Found a runed translucent door.
  2584 | D:2      | Noticed Crazy Yiuf
  2596 | D:2      | Killed Crazy Yiuf
  2596 | D:2      | Reached skill level 6 in Ice Magic
  2596 | D:2      | Reached XP level 5. HP: 16/35 MP: 1/10
  2992 | D:2      | Killed Terence
  3111 | D:3      | Noticed Jessica
  3115 | D:3      | Killed Jessica
  3480 | D:3      | Noticed Sigmund
  3486 | D:3      | Killed Sigmund
  3486 | D:3      | Reached skill level 1 in Evocations
  3486 | D:3      | Reached XP level 6. HP: 37/41 MP: 8/12
  4167 | D:4      | Reached XP level 7. HP: 46/46 MP: 9/13
  4198 | D:4      | Reached skill level 7 in Ice Magic
  4511 | D:4      | Found a staircase to the Ecumenical Temple.
  4518 | Temple   | Entered the Ecumenical Temple
  4560 | Temple   | Became a worshipper of Cheibriados the Contemplative
  4672 | D:4      | Reached skill level 5 in Spellcasting
  5120 | D:4      | Reached skill level 5 in Armour
  5207 | D:4      | Learned a level 1 spell: Apportation
  5295 | D:5      | Entered Level 5 of the Dungeon
  5298 | D:5      | Reached XP level 8. HP: 52/52 MP: 11/15
  5299 | D:5      | Reached * piety under Cheibriados
  5502 | D:5      | Reached skill level 1 in Fighting
  5640 | D:5      | Reached skill level 1 in Translocations
  5875 | D:5      | Reached skill level 1 in Invocations
  6048 | D:5      | Reached ** piety under Cheibriados
  6239 | D:5      | Reached skill level 8 in Ice Magic
  6352 | D:5      | Identified the +5 ring mail of the Arcane {Dex+3}
  6831 | D:5      | You fall into a shaft and drop 1 floor!
  7252 | D:6      | Gained mutation: You are partially covered in molten
                  | scales. (AC +2) [potion of mutation]
  7252 | D:6      | Gained mutation: You are mostly covered in molten scales.
                  | (AC +3) [potion of mutation]
  7252 | D:6      | Gained mutation: You are covered in fur. (AC +1) [potion of
                  | mutation]
  7628 | D:6      | Reached XP level 9. HP: 58/63 MP: 14/17
  8033 | D:7      | Got a polished short sword
  8034 | D:7      | Identified the +6 short sword of Fear {venom, rElec} (You
                  | found it on level 7 of the Dungeon)
  8081 | D:7      | Reached *** piety under Cheibriados
  8421 | D:7      | Reached skill level 5 in Evocations
  8760 | D:7      | Found a bloodstained altar of Trog.
  8822 | D:7      | Learned a level 1 spell: Sandblast
  9338 | D:8      | Reached skill level 1 in Earth Magic
  9347 | D:8      | Noticed a death yak
  9411 | D:8      | Reached skill level 9 in Ice Magic
  9424 | D:8      | Identified the +4 leather armour "Gydoxtukk" {rF- rN++
                  | Dex+4}
  9427 | D:8      | Reached **** piety under Cheibriados
  9625 | D:8      | Noticed a troll
  9631 | D:8      | Killed a troll
  9661 | D:8      | Found a staircase to the Lair.
  9661 | D:8      | Noticed a death yak
  9661 | D:8      | Noticed a death yak
  9666 | D:8      | HP: 2/67 [death yak (8)]
  9667 | D:8      | Demolished by a death yak

Illustrated notes

Levels and vault maps discovered:
D:1:      wheals_arrival_shading, layout_loops_ring, serial_forest,
          infiniplex_forest_clump_tiny, infiniplex_forest_join,
          infiniplex_forest_straight_3, infiniplex_forest_3_way,
          infiniplex_forest_clump_medium, infiniplex_forest_split,
          infiniplex_forest_clump_diagonal
D:2:      layout_basic, lemuel_round_altar, fountainhead, uniq_robin,
          uniq_crazy_yiuf_cottage, uniq_terence
D:3:      layout_loops_ring, serial_aquarium, aquarium_bridge_island_small
          [aquarium_subvault_small_open, aquarium_subvault_window,
          aquarium_subvault_window, aquarium_subvault_wall,
          aquarium_subvault_bridge], aquarium_bridge_square
          [aquarium_subvault_bridge, aquarium_subvault_window,
          aquarium_subvault_bridge, aquarium_subvault_wall], aquarium_window_1,
          aquarium_window_double, aquarium_view_2c, aquarium_view_2g,
          aquarium_balcony_double_1, aquarium_pool_2, uniq_jessica, uniq_sigmund
D:4:      layout_rooms, minmay_temple_entry_mini_moons, serial_bayou,
          serial_bayou_shore_b, serial_bayou_lagoon_b, serial_bayou_shore_b,
          serial_bayou_pond_b, grunt_ministairs_11
D:5:      layout_basic
D:6:      layout_rooms, minmay_misc_feat_columns
D:7:      layout_basic, serial_curves, eino_curves_03, eino_curves_01,
          eino_curves_02, trog_book
D:8:      layout_cave_pools, dpeg_lair_monsters, basic_altar,
          lemuel_mausoleum_altar_yredelemnul
Temple:   regret_index_temple_sigil_plot

Skill      XL: |  1  2  3  4  5  6  7  8  9 |
---------------+----------------------------+-----
Ice Magic      | 5 6 7 8 9 |  9.2
Spellcasting   | 3 4 5 6 |  6.6
Armour         | 1 2 3 5 |  5.0
Evocations     | 1 3 4 5 |  5.0
Fighting       | 3 4 |  4.8
Translocations | 2 4 |  4.3
Invocations    | 2 3 |  3.7
Earth Magic    | 2 |  2.2
Dodging        | |  2.1
Stealth        | |  1.7

Action                   |  1- 3 |  4- 6 |  7- 9 || total
-------------------------+-------+-------+-------++-------
Melee: Unarmed           |     1 |       |       ||     1
       Falchion          |       |     7 |    34 ||    41
       Quarterstaff      |       |    50 |    14 ||    64
       Long sword        |       |       |    59 ||    59
       Short sword       |       |       |    41 ||    41
 Cast: Freeze            |    50 |    39 |     9 ||    98
       Frozen Ramparts   |       |     8 |    76 ||    84
Evoke: Wand              |       |       |    11 ||    11
  Use: Potion            |       |     2 |     4 ||     6
       Scroll            |       |       |    10 ||    10
 Stab: Confused          |       |     1 |       ||     1
       Sleeping          |       |       |     2 ||     2
Armor: Robe              |     4 |       |       ||     4
       Ring mail         |     7 |    31 |   102 ||   140
       Troll leather arm |       |       |     5 ||     5
Dodge: Dodged            |    20 |    63 |   145 ||   228
       Rpst.: Falchion   |     1 |     9 |     7 ||    17
       Long sword        |       |       |    20 ||    20

Table legend: (Time is in decaauts)
 A = Elapsed time spent in this place.
 B = Non-inter-level travel time spent in this place.
 C = Inter-level travel time spent in this place.
 D = Time resting spent in this place.
 E = Time spent auto-exploring this place.
 F = Levels seen in this place.
 G = Mean time per level.
                   A        B        C        D        E       F      G
               +--------+--------+--------+--------+--------+-----+--------+
         Total |  11861 |  11472 |    389 |    170 |   9491 |   9 | 1317.9 |
       Dungeon |  11785 |  11419 |    366 |    170 |   9447 |   8 | 1473.1 |
        Temple |     75 |     52 |     23 |      0 |     44 |   1 |   75.0 |
               +--------+--------+--------+--------+--------+-----+--------+

Top non-repeatable levels by time:
     D:5: 2265 daAuts
     D:2: 1896 daAuts
     D:7: 1870 daAuts
     D:1: 1508 daAuts
     D:4: 1420 daAuts
     D:6: 1261 daAuts
     D:3: 1132 daAuts
     D:8: 429 daAuts
  Temple: 75 daAuts
